| TOP OF THE 1ST |
|
Philadelphia (APP) Phillies batting - Pitching for Grand Junction Rockies : RHP Jalen Young
|
|
Pitching: RHP Jalen Young
|
|
|
Batting: RHB Tony Perez
|
0-0: Called Strike 0-1: Called Strike 0-2: Ball 1-2: Ball 2-2: Foul Ball, location: 2F 2-2: Ball 3-2: Foul Ball, location: 2F 3-2: TRIPLE (Flyball, 89XD, EV 94.4 MPH)
|
|
Batting: RHB Gary Sampson
|
0-0: Fly out, F9 (Flyball, 9D, EV 81.9 MPH) Runner from 3rd tags up, SCORES, no throw by RF
|
|
Batting: LHB Joel Moore
|
0-0: Called Strike 0-1: Ball 1-1: DOUBLE (Flyball, 9LD, EV 108.8 MPH)
|
|
Batting: RHB Allen Gravel
|
0-0: Foul Ball, location: 2F 0-1: Ball 1-1: Ball 2-1: Hit by Pitch
|
|
Batting: RHB Danny Habermehl
|
0-0: Ball 1-0: Ball 2-0: Ball Wild Pitch! Joel Moore to third Allen Gravel to second 3-0: Base on Balls
|
|
Batting: RHB Trent Hedrick
|
0-0: Called Strike 0-1: Ball 1-1: Fielders Choice at 2nd, 6-4 (Groundball, 6, EV 108.1 MPH) Joel Moore scores Allen Gravel to third
|
|
Batting: RHB Mike Bell
|
0-0: Ball 1-0: Ball 2-0: Called Strike 2-1: Swinging Strike 2-2: Strikes out swinging
|
| Top of the 1st over - 2 runs, 2 hits, 0 errors, 2 left on base; Philadelphia (APP) 2 - Grand Junction 0 |
| BOTTOM OF THE 1ST |
|
Grand Junction Rockies batting - Pitching for Philadelphia (APP) Phillies : RHP Tony Ferreira
|
|
Pitching: RHP Tony Ferreira
|
|
|
Batting: RHB Juan Figueroa
|
0-0: Called Strike 0-1: Foul Ball, location: 2F 0-2: Foul Ball, location: 2F 0-2: Ball 1-2: Ball 2-2: Foul Ball, location: 2F 2-2: Ball 3-2: Ground out 4-3 (Groundball, 4, EV 93.1 MPH)
|
|
Batting: LHB Luke Coulter
|
0-0: Ball 1-0: Called Strike 1-1: DOUBLE (Line Drive, 7LS, EV 99.4 MPH)
|
|
Batting: LHB Michael Krott
|
0-0: Ball Wild Pitch! Luke Coulter to third 1-0: SINGLE (Line Drive, 6MD, EV 96.9 MPH) Luke Coulter scores
|
|
Batting: RHB Doug D'Onofrio
|
0-0: Fielders Choice at 2nd, 1-4 (Groundball, 15S, EV 63.8 MPH)
|
|
Batting: RHB Ray Insley
|
0-0: Ball 1-0: Called Strike 1-1: Called Strike Passed Ball! Doug D'Onofrio to second 1-2: Ball 2-2: SINGLE (Groundball, 6D, EV 99.4 MPH) Doug D'Onofrio to third Runner from 3rd tries for Home, SAFE, throw by CF to home Ray Insley to second
|
|
Batting: SHB Jamie Mims
|
0-0: Ground out U3 (Groundball, 34S, EV 87.5 MPH)
|
| Bottom of the 1st over - 2 runs, 3 hits, 0 errors, 1 left on base; Philadelphia (APP) 2 - Grand Junction 2 |
| TOP OF THE 2ND |
|
Philadelphia (APP) Phillies batting - Pitching for Grand Junction Rockies : RHP Jalen Young
|
|
Batting: RHB Zach Slot
|
0-0: Foul Ball, location: 2F 0-1: Ball 1-1: Ground out 6-3 (Groundball, 6, EV 107.5 MPH)
|
|
Batting: LHB Jesse Haught
|
0-0: Reached on error, E9 (Flyball, 89S, EV 72.5 MPH)
|
|
Batting: RHB Tony Perez
|
0-0: Ball Jesse Haught steals 2nd base 1-0: Fly out, F8 (Flyball, 8RM, EV 76.2 MPH)
|
|
Batting: RHB Gary Sampson
|
0-0: Called Strike 0-1: Ball 1-1: Swinging Strike 1-2: Reached on error, E6 (Groundball, 6, EV 88.1 MPH) Jesse Haught scores
|
|
Batting: LHB Joel Moore
|
0-0: Ball 1-0: Swinging Strike 1-1: Called Strike 1-2: Ground out 4-3 (Groundball, 4S, EV 92.5 MPH)
|
| Top of the 2nd over - 1 run, 0 hits, 2 errors, 1 left on base; Philadelphia (APP) 3 - Grand Junction 2 |
| BOTTOM OF THE 2ND |
|
Grand Junction Rockies batting - Pitching for Philadelphia (APP) Phillies : RHP Tony Ferreira
|
|
Batting: RHB John Stevenson
|
0-0: Ball 1-0: Ball 2-0: Called Strike 2-1: Swinging Strike 2-2: Fly out, F7 (Line Drive, 78M, EV 85.0 MPH)
|
|
Batting: RHB Willie Benito
|
0-0: Ball 1-0: Ball 2-0: SINGLE (Groundball, 4S, EV 65.6 MPH) (infield hit)
|
|
Batting: RHB Jerry Edmiston
|
0-0: Swinging Strike 0-1: Ball 1-1: DOUBLE (Line Drive, 9LS, EV 115.0 MPH) Willie Benito to third
|
|
Batting: RHB Juan Figueroa
|
0-0: Ball 1-0: Swinging Strike 1-1: Called Strike 1-2: Foul Ball, location: 2F 1-2: Hit by Pitch
|
|
Batting: LHB Luke Coulter
|
0-0: Foul Ball, location: 2F 0-1: Called Strike 0-2: Foul Ball, location: 2F 0-2: Ball 1-2: Fielders Choice at 2nd, 4-6 (Groundball, 4, EV 97.5 MPH) Willie Benito scores Jerry Edmiston to third
|
|
Batting: LHB Michael Krott
|
0-0: Fly out, F7 (Flyball, 7, EV 95.6 MPH)
|
| Bottom of the 2nd over - 1 run, 2 hits, 0 errors, 2 left on base; Philadelphia (APP) 3 - Grand Junction 3 |
| TOP OF THE 3RD |
|
Philadelphia (APP) Phillies batting - Pitching for Grand Junction Rockies : RHP Jalen Young
|
|
Batting: RHB Allen Gravel
|
0-0: Ball 1-0: Ground out 6-3 (Groundball, 6, EV 86.9 MPH)
|
|
Batting: RHB Danny Habermehl
|
0-0: Ball 1-0: Ball 2-0: Called Strike 2-1: Swinging Strike 2-2: Foul Ball, location: 2F 2-2: Ground out 5-3 (Groundball, 56S, EV 91.2 MPH)
|
|
Batting: RHB Trent Hedrick
|
0-0: Foul Ball, location: 2F 0-1: Fly out, F9 (Flyball, 9LS, EV 79.4 MPH)
|
| Top of the 3rd over - 0 runs, 0 hits, 0 errors, 0 left on base; Philadelphia (APP) 3 - Grand Junction 3 |
| BOTTOM OF THE 3RD |
|
Grand Junction Rockies batting - Pitching for Philadelphia (APP) Phillies : RHP Tony Ferreira
|
|
Batting: RHB Doug D'Onofrio
|
0-0: Ball 1-0: SINGLE (Line Drive, 7S, EV 95.0 MPH)
|
|
Batting: RHB Ray Insley
|
0-0: Ball 1-0: Ball 2-0: Ball 3-0: Called Strike 3-1: Called Strike 3-2: SINGLE (Groundball, 6MS, EV 63.8 MPH) (infield hit) Doug D'Onofrio to second
|
|
Batting: SHB Jamie Mims
|
0-0: Ball 1-0: Grounds into double play, 4-6-3 (Groundball, 4, EV 88.8 MPH) Doug D'Onofrio to third
|
|
Batting: RHB John Stevenson
|
0-0: Ball 1-0: Called Strike 1-1: Called Strike 1-2: Strikes out looking
|
| Bottom of the 3rd over - 0 runs, 2 hits, 0 errors, 1 left on base; Philadelphia (APP) 3 - Grand Junction 3 |
| TOP OF THE 4TH |
|
Philadelphia (APP) Phillies batting - Pitching for Grand Junction Rockies : RHP Jalen Young
|
|
Batting: RHB Mike Bell
|
0-0: Ground out 5-3 (Groundball, 56, EV 100.0 MPH)
|
|
Batting: RHB Zach Slot
|
0-0: Ball 1-0: Ball 2-0: Ball 3-0: Base on Balls
|
|
Batting: LHB Jesse Haught
|
0-0: Foul Ball, location: 2F 0-1: Ball 1-1: Ball 2-1: Ball 3-1: Base on Balls Zach Slot to second
|
|
Batting: RHB Tony Perez
|
0-0: Ball 1-0: Swinging Strike 1-1: Foul Ball, location: 2F 1-2: Ball 2-2: Ground out 4-3 (Groundball, 4M, EV 95.6 MPH) Zach Slot to third Jesse Haught to second
|
|
Batting: RHB Gary Sampson
|
0-0: Called Strike 0-1: Foul Ball, location: 2F 0-2: Fly out, F8 (Flyball, 8RD, EV 89.4 MPH)
|
| Top of the 4th over - 0 runs, 0 hits, 0 errors, 2 left on base; Philadelphia (APP) 3 - Grand Junction 3 |
| BOTTOM OF THE 4TH |
|
Grand Junction Rockies batting - Pitching for Philadelphia (APP) Phillies : RHP Tony Ferreira
|
|
Batting: RHB Willie Benito
|
0-0: Called Strike 0-1: Swinging Strike 0-2: Ball 1-2: Ball 2-2: Foul Ball, location: 2F 2-2: Ball 3-2: Base on Balls
|
|
Batting: RHB Jerry Edmiston
|
0-0: Foul Ball, location: 2F 0-1: Called Strike 0-2: Ball 1-2: Ball 2-2: Foul Ball, location: 2F 2-2: Ball Wild Pitch! Willie Benito to second 3-2: Foul Ball, location: 2F 3-2: Foul Ball, location: 2F 3-2: Foul Ball, location: 2F 3-2: Foul Ball, location: 2F 3-2: Foul Ball, location: 2F 3-2: Base on Balls
|
|
Batting: RHB Juan Figueroa
|
0-0: Foul Ball, location: 2F 0-1: Fielders Choice at 2nd, 6-4 (Groundball, 6, EV 89.4 MPH) Willie Benito to third
|
|
Batting: LHB Luke Coulter
|
0-0: Called Strike Juan Figueroa is caught stealing 2nd base 2-6 0-1: Ball 1-1: Ground out 3-1 (Groundball, 34, EV 101.9 MPH)
|
| Bottom of the 4th over - 0 runs, 0 hits, 0 errors, 1 left on base; Philadelphia (APP) 3 - Grand Junction 3 |
| TOP OF THE 5TH |
|
Philadelphia (APP) Phillies batting - Pitching for Grand Junction Rockies : RHP Jalen Young
|
|
Batting: LHB Joel Moore
|
0-0: Ball 1-0: Ground out 1-3 (Groundball, 13S, EV 67.5 MPH)
|
|
Batting: RHB Allen Gravel
|
0-0: Called Strike 0-1: Hit by Pitch
|
|
Pinch Runner at 1st Guan-pei Gao:
|
|
|
Batting: RHB Danny Habermehl
|
0-0: Ball 1-0: Called Strike 1-1: Foul Ball, location: 2F 1-2: Ball 2-2: Strikes out looking
|
|
Pitching: RHP Manny Lebron
|
|
|
Batting: RHB Trent Hedrick
|
0-0: Swinging Strike 0-1: Fly out, F4 (Popup, 4MD, EV 50.6 MPH)
|
| Top of the 5th over - 0 runs, 0 hits, 0 errors, 1 left on base; Philadelphia (APP) 3 - Grand Junction 3 |
| BOTTOM OF THE 5TH |
|
Grand Junction Rockies batting - Pitching for Philadelphia (APP) Phillies : RHP Tony Ferreira
|
|
Now at 2B: Tony Perez
|
|
|
Now at 3B: Guan-pei Gao
|
|
|
Now in CF: Mike Bell
|
|
|
Batting: LHB Michael Krott
|
0-0: Ball 1-0: Swinging Strike 1-1: Ball 2-1: Ball 3-1: Base on Balls
|
|
Batting: RHB Doug D'Onofrio
|
0-0: Ball 1-0: Ball 2-0: Ball 3-0: Base on Balls Michael Krott to second
|
|
Batting: RHB Ray Insley
|
0-0: Ball 1-0: Ball 2-0: Swinging Strike 2-1: Ball 3-1: Foul Ball, location: 2F 3-2: Base on Balls Michael Krott to third Doug D'Onofrio to second
|
|
Batting: SHB Jamie Mims
|
0-0: Ball 1-0: Ball Passed Ball! Michael Krott scores Doug D'Onofrio to third Ray Insley to second 2-0: Ball 3-0: Base on Balls
|
|
Batting: RHB John Stevenson
|
0-0: Called Strike 0-1: Fly out, F9 (Flyball, 9, EV 96.9 MPH) Runner from 3rd tags up, SCORES, no throw by RF
|
|
Pitching: RHP Jeremy Trotter
|
|
|
Batting: RHB Willie Benito
|
0-0: Ball 1-0: Called Strike 1-1: Called Strike 1-2: Foul Ball, location: 2F 1-2: 3-RUN HOME RUN (Line Drive, 7D, EV 96.9 MPH), Distance : 391 ft
|
|
Batting: RHB Jerry Edmiston
|
0-0: Called Strike 0-1: Foul Ball, location: 2F 0-2: Strikes out swinging
|
|
Batting: RHB Juan Figueroa
|
0-0: Foul Ball, location: 2F 0-1: Foul Ball, location: 2F 0-2: Ball 1-2: Foul Ball, location: 2F 1-2: Ball 2-2: Foul Ball, location: 2F 2-2: SOLO HOME RUN (Flyball, 89XD, EV 107.5 MPH), Distance : 430 ft
|
|
Batting: LHB Luke Coulter
|
0-0: Ball 1-0: Foul Ball, location: 2F 1-1: Called Strike 1-2: Ball 2-2: Foul Ball, location: 2F 2-2: SINGLE (Groundball, 56D, EV 96.2 MPH)
|
|
Batting: LHB Michael Krott
|
0-0: Foul Ball, location: 2F 0-1: TRIPLE (Line Drive, 89XD, EV 103.1 MPH) Luke Coulter scores
|
|
Batting: RHB Doug D'Onofrio
|
0-0: Ball 1-0: Ground out 4-3 (Groundball, 4, EV 83.8 MPH)
|
| Bottom of the 5th over - 7 runs, 4 hits, 0 errors, 1 left on base; Philadelphia (APP) 3 - Grand Junction 10 |
| TOP OF THE 6TH |
|
Philadelphia (APP) Phillies batting - Pitching for Grand Junction Rockies : RHP Manny Lebron
|
|
Batting: RHB Mike Bell
|
0-0: Swinging Strike 0-1: Swinging Strike 0-2: Hit by Pitch
|
|
Batting: RHB Zach Slot
|
0-0: Called Strike Mike Bell steals 2nd base 0-1: Ball 1-1: Foul Ball, location: 2F 1-2: Ball 2-2: Ground out 5-3 (Groundball, 56, EV 77.5 MPH)
|
|
Batting: LHB Jesse Haught
|
0-0: Ball 1-0: Called Strike 1-1: Ball 2-1: Foul Ball, location: 2F 2-2: Foul Ball, location: 2F 2-2: Ball 3-2: Base on Balls
|
|
Batting: RHB Tony Perez
|
0-0: Foul Ball, location: 2F 0-1: Ball 1-1: TRIPLE (Flyball, 78XD, EV 108.8 MPH) Mike Bell scores Jesse Haught scores
|
|
Pitching: RHP Josh Blaschke
|
|
|
Batting: RHB Gary Sampson
|
0-0: Called Strike 0-1: Ball 1-1: Foul Ball, location: 2F 1-2: Ground out U3 (Groundball, 3L, EV 108.8 MPH)
|
|
Batting: LHB Joel Moore
|
0-0: SINGLE (Line Drive, 78S, EV 93.8 MPH) Tony Perez scores
|
|
Batting: RHB Guan-pei Gao
|
0-0: Ball 1-0: Ball 2-0: Foul Ball, location: 2F 2-1: Foul Ball, location: 2F 2-2: Strikes out swinging
|
| Top of the 6th over - 3 runs, 2 hits, 0 errors, 1 left on base; Philadelphia (APP) 6 - Grand Junction 10 |
| BOTTOM OF THE 6TH |
|
Grand Junction Rockies batting - Pitching for Philadelphia (APP) Phillies : RHP Jeremy Trotter
|
|
Pitching: RHP Josh Howell
|
|
|
Batting: RHB Ray Insley
|
0-0: Ball 1-0: Ball 2-0: Ball 3-0: Called Strike 3-1: Base on Balls
|
|
Batting: SHB Jamie Mims
|
0-0: Called Strike 0-1: Ball 1-1: Fielders Choice at 2nd, 4-6 (Groundball, 4, EV 90.6 MPH)
|
|
Batting: RHB John Stevenson
|
0-0: Swinging Strike 0-1: Called Strike 0-2: Ball 1-2: Ball 2-2: Fly out, F9 (Flyball, 9S, EV 88.1 MPH)
|
|
Batting: RHB Willie Benito
|
0-0: Called Strike 0-1: Ball Jamie Mims steals 2nd, throwing error, E2 Jamie Mims to third 1-1: Fly out, F9 (Line Drive, 9, EV 90.0 MPH)
|
| Bottom of the 6th over - 0 runs, 0 hits, 1 error, 1 left on base; Philadelphia (APP) 6 - Grand Junction 10 |
| TOP OF THE 7TH |
|
Philadelphia (APP) Phillies batting - Pitching for Grand Junction Rockies : RHP Josh Blaschke
|
|
Batting: RHB Danny Habermehl
|
0-0: SINGLE (Groundball, 6MD, EV 96.2 MPH)
|
|
Batting: RHB Trent Hedrick
|
0-0: Bunted foul 0-1: Bunt missed! 0-2: DOUBLE (Groundball, 5L, EV 98.1 MPH) Danny Habermehl to third
|
|
Batting: RHB Mike Bell
|
0-0: Ball 1-0: Foul Ball, location: 2F 1-1: Ball 2-1: Foul Ball, location: 2F 2-2: Foul Ball, location: 2F 2-2: Ball 3-2: Base on Balls
|
|
Pitching: RHP Zi-cheng Zhou
|
|
|
Batting: RHB Zach Slot
|
0-0: Called Strike 0-1: Ball 1-1: Ball 2-1: GRAND SLAM HOME RUN (Flyball, 78XD, EV 103.8 MPH), Distance : 440 ft
|
|
Batting: LHB Jesse Haught
|
0-0: Swinging Strike 0-1: Foul Ball, location: 2F 0-2: Ball 1-2: Fly out, F8 (Flyball, 78M, EV 80.6 MPH)
|
|
Batting: RHB Tony Perez
|
0-0: Ball 1-0: Ball 2-0: Called Strike 2-1: Ground out 6-3 (Groundball, 6S, EV 88.1 MPH)
|
|
Batting: RHB Gary Sampson
|
0-0: Ball 1-0: Swinging Strike 1-1: Ball 2-1: Foul Ball, location: 2F 2-2: Foul Ball, location: 2F 2-2: Strikes out swinging
|
| Top of the 7th over - 4 runs, 3 hits, 0 errors, 0 left on base; Philadelphia (APP) 10 - Grand Junction 10 |
| BOTTOM OF THE 7TH |
|
Grand Junction Rockies batting - Pitching for Philadelphia (APP) Phillies : RHP Josh Howell
|
|
Batting: RHB Jerry Edmiston
|
0-0: Swinging Strike 0-1: SOLO HOME RUN (Flyball, 9D, EV 96.9 MPH), Distance : 393 ft
|
|
Batting: RHB Juan Figueroa
|
0-0: Ball 1-0: Ball 2-0: Ball 3-0: Called Strike 3-1: Foul Ball, location: 2F 3-2: Base on Balls
|
|
Batting: LHB Luke Coulter
|
0-0: Bunt missed! 0-1: Sac Bunt to 3S - play at first, batter OUT! 3-1 Juan Figueroa to second
|
|
Batting: LHB Michael Krott
|
0-0: Intentional Walk
|
|
Batting: RHB Doug D'Onofrio
|
0-0: Called Strike 0-1: Swinging Strike 0-2: Foul Ball, location: 2F 0-2: Reached on error, E5 (Groundball, 56, EV 102.5 MPH) Juan Figueroa to third Michael Krott to second
|
|
Batting: RHB Ray Insley
|
0-0: Called Strike 0-1: DOUBLE (Flyball, 78D, EV 100.0 MPH) Juan Figueroa scores Michael Krott scores Doug D'Onofrio to third Runner from 3rd tries for Home, throw by CF and OUT! 8-6-2
|
|
Pitching: RHP Lance Brisson
|
|
|
Batting: SHB Jamie Mims
|
0-0: Ball 1-0: Ball 2-0: Called Strike 2-1: SINGLE (Groundball, 34D, EV 106.2 MPH) Ray Insley to third Runner from 3rd tries for Home, throw by RF and OUT! 9-2
|
| Bottom of the 7th over - 3 runs, 3 hits, 1 error, 1 left on base; Philadelphia (APP) 10 - Grand Junction 13 |
| TOP OF THE 8TH |
|
Philadelphia (APP) Phillies batting - Pitching for Grand Junction Rockies : RHP Zi-cheng Zhou
|
|
Pitching: RHP Gorgonio Sigua
|
|
|
Batting: LHB Joel Moore
|
0-0: Swinging Strike 0-1: Called Strike 0-2: Ground out 1-3 (Groundball, 34S, EV 74.4 MPH)
|
|
Batting: RHB Guan-pei Gao
|
0-0: Foul Ball, location: 2F 0-1: Called Strike 0-2: Ball 1-2: Ball 2-2: Foul Ball, location: 2F 2-2: Foul Ball, location: 2F 2-2: Ball 3-2: Base on Balls
|
|
Batting: RHB Danny Habermehl
|
0-0: SINGLE (Line Drive, 9S, EV 111.9 MPH) Guan-pei Gao to second
|
|
Batting: RHB Trent Hedrick
|
0-0: Swinging Strike 0-1: Ball 1-1: Ball 2-1: Foul Ball, location: 2F 2-2: Foul Ball, location: 2F 2-2: DOUBLE (Line Drive, 8RD, EV 105.6 MPH) Guan-pei Gao scores Danny Habermehl to third Runner from 3rd tries for Home, SAFE, no throw by CF
|
|
Pitching: RHP Bobby Servin
|
|
|
Batting: RHB Mike Bell
|
0-0: Ball 1-0: Ball 2-0: Foul Ball, location: 2F 2-1: Ball 3-1: Called Strike 3-2: Fly out, F8 (Flyball, 8RM, EV 83.8 MPH)
|
|
Batting: RHB Zach Slot
|
0-0: Ball 1-0: Called Strike 1-1: 2-RUN HOME RUN (Line Drive, 78XD, EV 115.6 MPH), Distance : 441 ft
|
|
Batting: LHB Jesse Haught
|
0-0: Ball 1-0: Ball 2-0: Ball 3-0: Base on Balls
|
|
Batting: RHB Tony Perez
|
0-0: Ball 1-0: Ball 2-0: Ball 3-0: Called Strike 3-1: Foul Ball, location: 2F 3-2: Fly out, F2 (Popup, 25F, EV 75.0 MPH)
|
| Top of the 8th over - 4 runs, 3 hits, 0 errors, 1 left on base; Philadelphia (APP) 14 - Grand Junction 13 |
| BOTTOM OF THE 8TH |
|
Grand Junction Rockies batting - Pitching for Philadelphia (APP) Phillies : RHP Lance Brisson
|
|
Batting: RHB John Stevenson
|
0-0: Called Strike 0-1: Called Strike 0-2: Strikes out looking
|
|
Batting: RHB Willie Benito
|
0-0: Called Strike 0-1: Foul Ball, location: 2F 0-2: Ball 1-2: Foul Ball, location: 2F 1-2: Ball 2-2: Ball 3-2: Fly out, F8 (Flyball, 8LXD, EV 103.8 MPH)
|
|
Batting: RHB Jerry Edmiston
|
0-0: Called Strike 0-1: DOUBLE (Flyball, 8RXD, EV 90.0 MPH)
|
|
Pitching: RHP Manny Campos
|
|
|
Batting: RHB Juan Figueroa
|
0-0: Foul Ball, location: 2F 0-1: Ball 1-1: Foul Ball, location: 2F 1-2: Foul Ball, location: 2F 1-2: Ball 2-2: Foul Ball, location: 2F 2-2: Ground out 6-3 (Groundball, 6, EV 88.1 MPH)
|
| Bottom of the 8th over - 0 runs, 1 hit, 0 errors, 1 left on base; Philadelphia (APP) 14 - Grand Junction 13 |
| TOP OF THE 9TH |
|
Philadelphia (APP) Phillies batting - Pitching for Grand Junction Rockies : RHP Bobby Servin
|
|
Batting: RHB Gary Sampson
|
0-0: Swinging Strike 0-1: SINGLE (Groundball, 6MD, EV 95.0 MPH)
|
|
Batting: LHB Joel Moore
|
0-0: Ball 1-0: Ball 2-0: Ball 3-0: Called Strike 3-1: Base on Balls Gary Sampson to second
|
|
Batting: RHB Guan-pei Gao
|
0-0: Called Strike 0-1: Called Strike 0-2: Strikes out swinging
|
|
Batting: RHB Danny Habermehl
|
0-0: Ball 1-0: Called Strike 1-1: Ball 2-1: Ball 3-1: Foul Ball, location: 2F 3-2: Base on Balls Gary Sampson to third Joel Moore to second
|
|
Batting: RHB Trent Hedrick
|
0-0: Called Strike 0-1: Grounds into double play, 4-2-3 (Groundball, 13, EV 89.4 MPH)
|
| Top of the 9th over - 0 runs, 1 hit, 0 errors, 2 left on base; Philadelphia (APP) 14 - Grand Junction 13 |
| BOTTOM OF THE 9TH |
|
Grand Junction Rockies batting - Pitching for Philadelphia (APP) Phillies : RHP Manny Campos
|
|
Pitching: RHP David Oviedo
|
|
|
Batting: LHB Luke Coulter
|
0-0: Ball 1-0: Ball 2-0: Fly out, F7 (Flyball, 7, EV 89.4 MPH)
|
|
Batting: LHB Michael Krott
|
0-0: Ball 1-0: Swinging Strike 1-1: Ball 2-1: Swinging Strike 2-2: SOLO HOME RUN (Flyball, 89XD, EV 113.8 MPH), Distance : 433 ft
|
|
Batting: RHB Doug D'Onofrio
|
0-0: Ball 1-0: SINGLE (Flyball, 6D, EV 95.0 MPH)
|
|
Batting: RHB Ray Insley
|
0-0: Ball 1-0: Called Strike 1-1: Ball 2-1: Ball 3-1: Foul Ball, location: 2F 3-2: Base on Balls Doug D'Onofrio to second
|
|
Batting: SHB Jamie Mims
|
0-0: Ball 1-0: Called Strike 1-1: Foul Ball, location: 2F 1-2: Ball 2-2: Strikes out swinging
|
|
Batting: RHB John Stevenson
|
0-0: Foul Ball, location: 2F 0-1: Ball 1-1: Foul Ball, location: 2F 1-2: Ball 2-2: Strikes out swinging
|
| Bottom of the 9th over - 1 run, 2 hits, 0 errors, 2 left on base; Philadelphia (APP) 14 - Grand Junction 14 |
| TOP OF THE 10TH |
|
Philadelphia (APP) Phillies batting - Pitching for Grand Junction Rockies : RHP Bobby Servin
|
|
Batting: RHB Mike Bell
|
0-0: Foul Ball, location: 2F 0-1: SOLO HOME RUN (Flyball, 7D, EV 98.8 MPH), Distance : 385 ft
|
|
Batting: RHB Zach Slot
|
0-0: Swinging Strike 0-1: Foul Ball, location: 2F 0-2: Foul Ball, location: 2F 0-2: Ball 1-2: Ball 2-2: Ball 3-2: Base on Balls
|
|
Batting: LHB Jesse Haught
|
0-0: Called Strike 0-1: Ball 1-1: Ball 2-1: Foul Ball, location: 2F 2-2: Ball 3-2: Base on Balls Zach Slot to second
|
|
Batting: RHB Tony Perez
|
0-0: Ball 1-0: Sac Bunt to 15 - play at first, batter OUT! 1-4 Zach Slot to third Jesse Haught to second
|
|
Batting: RHB Gary Sampson
|
0-0: Ball 1-0: Ball 2-0: Ball 3-0: Called Strike 3-1: Base on Balls
|
|
Batting: LHB Joel Moore
|
0-0: Called Strike 0-1: Foul Ball, location: 2F 0-2: Ball 1-2: Strikes out swinging
|
|
Pitching: RHP Lorenzo Pacheco
|
|
|
Batting: RHB Guan-pei Gao
|
0-0: Called Strike 0-1: Fly out, F3 (Line Drive, 34, EV 75.0 MPH)
|
| Top of the 10th over - 1 run, 1 hit, 0 errors, 3 left on base; Philadelphia (APP) 15 - Grand Junction 14 |
| BOTTOM OF THE 10TH |
|
Grand Junction Rockies batting - Pitching for Philadelphia (APP) Phillies : RHP David Oviedo
|
|
Pitching: LHP Justin Thornton
|
|
|
Batting: RHB Willie Benito
|
0-0: Called Strike 0-1: Swinging Strike 0-2: Ball 1-2: Ball 2-2: SINGLE (Line Drive, 4D, EV 98.8 MPH)
|
|
Batting: RHB Jerry Edmiston
|
0-0: Called Strike 0-1: Grounds into double play, 4-6-3 (Groundball, 4, EV 92.5 MPH)
|
|
Batting: RHB Juan Figueroa
|
0-0: Called Strike 0-1: Foul Ball, location: 2F 0-2: Foul Ball, location: 2F 0-2: Ball 1-2: Ball 2-2: Fly out, F9 (Flyball, 9LD, EV 85.6 MPH)
|
| Bottom of the 10th over - 0 runs, 1 hit, 0 errors, 0 left on base; Philadelphia (APP) 15 - Grand Junction 14 |
|